 Dungeon Crawl Stone Soup version 0.28.0-53-g5a82cb258f (webtiles) character file.

Game seed: 10781187544795423458

18365 Zeld the Cleaver (level 12, -7/177 HPs)
             Began as a Minotaur Berserker on June 10, 2022.
             Was a High Priest of Trog.
             Killed from afar by Jorgrun (36 damage)
             ... with an iron shot
             ... on level 13 of the Dungeon.
             The game lasted 00:14:20 (17345 turns).

Zeld the Cleaver (Minotaur Berserker)              Turns: 17345, Time: 00:14:20

Health: -7/177     AC: 21    Str: 26    XL:     12   Next: 27%
Magic:  11/11      EV:  9    Int:  4    God:    Trog [*****.]
Gold:   214        SH: 12    Dex: 14    Spells: 11/11 levels left

rFire   . . .      SeeInvis .   a - +1 broad axe
rCold   . . .      Faith    .   y - +0 kite shield
rNeg    + . .      Spirit   .   b - +0 plate armour
rPois   +          Reflect  +   (helmet restricted)
rElec   .          Harm     .   i - +1 cloak
rCorr   .          Rampage  .   v - +1 pair of gloves
Will    +....                   H - +0 pair of boots
Stlth   ..........              I - amulet "Miz Jia" {Reflect Will+ Dex+3 SH+5}
HPRegen 0.39/turn               q - ring of poison resistance
MPRegen 0.12/turn               K - ring of positive energy

@: berserking, very quick
A: horns 2, retaliatory headbutt
a: Renounce Religion, Berserk, Trog's Hand, Brothers in Arms


You were on level 13 of the Dungeon.
You worshipped Trog.
Trog was extremely pleased with you.
You visited 2 branches of the dungeon, and saw 14 of its levels.
You also visited: Ossuary.

You collected 526 gold pieces.
You spent 312 gold pieces at shops.

Inventory:

Hand Weapons
 a - a +1 broad axe (weapon)
 D - a +2 long sword of flaming
Armour
 b - a +0 plate armour (worn)
 i - a +1 cloak (worn)
 v - a +1 pair of gloves (worn)
 y - a +0 kite shield (worn)
 H - a +0 pair of boots (worn)
Jewellery
 q - a ring of poison resistance (left hand)
 I - the amulet "Miz Jia" (around neck) {Reflect Will+ Dex+3 SH+5}
   (You found it on level 11 of the Dungeon)

   [amulet of reflection]

   It reflects blocked missile attacks.
   Dex:       It affects your dexterity (+3).
   SH:        It affects your SH (+5).
   Will:      It increases your willpower.
 K - a ring of positive energy (right hand)
Wands
 t - a wand of acid (18)
 B - a wand of iceblast (9)
 G - a wand of charming (6)
Scrolls
 c - 4 scrolls of blinking
 d - 4 scrolls of magic mapping
 e - 4 scrolls of vulnerability {unknown}
 f - 3 scrolls of fear {unknown}
 g - 2 scrolls of immolation
 j - 2 scrolls of fog {unknown}
 l - 7 scrolls of teleportation
 n - 6 scrolls of enchant weapon
 p - 2 scrolls of enchant armour {unknown}
 r - 2 scrolls of amnesia {unknown}
 u - 2 scrolls of silence {unknown}
 x - 12 scrolls of identify
Potions
 h - a potion of lignification {unknown}
 k - a potion of degeneration {unknown}
 m - 10 potions of curing {unknown}
 o - 2 potions of mutation {unknown}
 s - 5 potions of heal wounds {unknown}
 w - a potion of resistance {unknown}
 z - 3 potions of invisibility {unknown}
 A - 2 potions of cancellation {unknown}
 C - a potion of berserk rage {unknown}
 E - a potion of ambrosia {unknown}
 J - a potion of brilliance {unknown}
Miscellaneous
 F - a phantom mirror
 L - a box of beasts


   Skills:
 * Level 14.4 Fighting
 * Level 14.4 Axes
 + Level 10.3 Armour
 + Level 9.4 Dodging


You had 11 spell levels left.
You didn't know any spells.
Your spell library was empty.

Dungeon Overview and Level Annotations

Branches:
Dungeon (12/15)            Temple (1/1) D:5            Lair (0/6) D:10
    Orc (0/2) D:10        Ossuary (visited)

Altars:
Ashenzari
Cheibriados
Dithmenos
Elyvilon
Fedhas
Gozag
Hepliaklqana
Kikubaaqudgha
Makhleb
Nemelex Xobeh
Okawaru
Qazlal
Ru
Sif Muna
Trog
Uskayaw
Vehumet
Wu Jian
Xom
Yredelemnul
Zin
The Shining One

Shops:
D:8 =   D:13 ?

Annotations:
D:13 Jorgrun


Innate Abilities, Weirdness & Mutations

You have a pair of horns on your head.
You reflexively headbutt those who attack you in melee.


Message History

Jorgrun shouts!
Jorgrun casts a spell at you.
You easily resist.
You hear the beating of a drum nearby.
Jorgrun points at you and mumbles some strange words.
The iron shot hits you!!!
Jorgrun hits you with a +0 vorpal quarterstaff!
You slice Jorgrun!!
Jorgrun is lightly wounded.
Jorgrun casts a spell at you. The iron shot hits you!!!
* * * LOW HITPOINT WARNING * * *
You are too injured to fight recklessly!
You are too injured to fight recklessly!
A red film seems to cover your vision as you go berserk!
You feel yourself moving faster!
You feel mighty!
Jorgrun mutters some incantations to himself.
Jorgrun casts a spell at you. The iron shot hits you!
* * * LOW HITPOINT WARNING * * *
You miss Jorgrun. You headbutt Jorgrun!
Jorgrun is moderately wounded.
You block Jorgrun's attack.
You closely miss Jorgrun.
Jorgrun is moderately wounded.
Jorgrun casts a spell next to you.
The wall shatters!
The blast of rock fragments hits you but does no damage.
You closely miss Jorgrun. You headbutt Jorgrun!
Jorgrun is moderately wounded.
You slice Jorgrun!! Your headbutt misses Jorgrun.
Jorgrun is heavily wounded.
Jorgrun casts a spell at you.
The iron shot reflects off an invisible shield around you!
The iron shot hits Jorgrun!!!
You hit Jorgrun. You headbutt Jorgrun!
Jorgrun is almost dead.
Jorgrun points at you and mumbles some strange words.
The iron shot hits you!!!
You die...

**********########*##############
,,,,,,,,,,,........$.............
,,,,,,,,,,,#.....##............#*
,,,,,,,,,,,#.....##....#.......#
,,,,,,,,,,,#.....##....#∩....>.#
,*******,,,#.....##....#.......#
,,,,,,,,,..#...g.##....#.......##
,,,,,,,,,.......@##....#.........
,,,,,,,,,........................
,,,,,,,,,.##################'###+
,,,,,,,,,,*,,,,,,,,,,............
,,,,,,,,,,*,,,,,,,,,,............
***********,,,,,,,,,,........[...
,,,,,,,,,**,,,,,,,,,,............
,,,,,,,,,************########....
,,,,,,,,,* *,,,,,,,,,,,,+....


You could see Jorgrun.

Vanquished Creatures
  The ghost of Zeld the Fighter, a journeyman MiBe of Trog (D:10)
  Josephine (D:10)
  A centaur warrior (D:10)
  A two-headed ogre (D:11)
  3 skeletal warriors
  Pikel (D:9)
  An ugly thing (D:12)
  2 cyclopes (D:11)
  Maurice (D:8)
  A centaur zombie (D:10)
  The ghost of styxcanada the Covert, a novice SpBr (D:6)
  A gargoyle (D:6)
  An unseen horror (D:11)
  Maggie (D:8)
  A kobold demonologist (D:12)
  A tengu conjurer (D:13)
  2 trolls
  A hornet (D:5)
  The ghost of jiml777 the Digger, an amateur GrEE of Cheibriados (D:4)
  A jumping spider (shapeshifter) (D:9)
  A wyvern (D:9)
  8 wraiths
  13 yaks
  2 steam dragons
  2 vampire mosquitoes (D:12)
  3 orc warriors
  2 acid dragons
  A water moccasin (D:5)
  A black bear (D:4)
  An ice beast (D:7)
  An ogre (D:4)
  3 sky beasts (D:6)
  5 centaurs
  A lemure (D:9)
  4 kobold brigands
  A wyvern zombie (D:7)
  2 gnoll sergeants
  2 bullfrogs
  5 scorpions
  A water moccasin skeleton (D:7)
  4 killer bees (D:9)
  22 wights
  6 howler monkeys
  2 electric eels
  A bullfrog zombie (D:4)
  2 jellies
  2 bullfrog skeletons
  11 orc priests
  3 hounds
  A scorpion zombie (D:5)
  3 centaur skeletons
  An iguana (D:5)
  13 orc wizards
  A killer bee zombie (D:4)
  A hound skeleton (D:4)
  3 howler monkey zombies
  4 adders
  14 gnolls
  2 shadow imps (D:6)
  A white imp (D:7)
  2 ufetubi
  An adder zombie (Ossuary)
  A worm (D:2)
  A dart slug (D:4)
  56 orcs
  3 endoplasms
  8 giant cockroaches
  4 goblins
  3 hobgoblins
  2 jackals (D:3)
  5 quokkas
  7 ball pythons
  A ball python skeleton (Ossuary)
  6 bats
  2 frilled lizards
  A hobgoblin skeleton (Ossuary)
  25 kobolds
  2 kobold zombies (Ossuary)
  3 orc skeletons (Ossuary)
  An orc zombie (Ossuary)
  A rat (D:1)
315 creatures vanquished.

Vanquished Creatures (collateral kills)
  A gargoyle (D:9)
  2 yaks (D:9)
3 creatures vanquished.

Vanquished Creatures (others)
  23 fungi (D:10)
  23 plants
46 creatures vanquished.

Grand Total: 364 creatures vanquished

Notes
Turn   | Place    | Note
-------+----------+-------------------------------------------
     0 | D:1      | Zeld the Minotaur Berserker began the quest for the Orb.
     0 | D:1      | Reached XP level 1. HP: 19/19 MP: 0/0
   166 | D:1      | Found a faded altar of an unknown god.
   370 | D:1      | Reached XP level 2. HP: 26/27 MP: 1/1
  1103 | D:2      | Reached XP level 3. HP: 33/33 MP: 2/2
  1456 | D:2      | Reached XP level 4. HP: 23/41 MP: 3/3
  1686 | D:2      | Reached ** piety under Trog
  1972 | D:2      | Identified the +2 helmet of the Jabberwock {rC- rN+++ rCorr
                  | Int-2}
  2528 | D:3      | Reached skill level 5 in Fighting
  2528 | D:3      | Reached XP level 5. HP: 34/48 MP: 4/4
  2678 | D:3      | Reached skill level 5 in Axes
  3074 | D:4      | Noticed a centaur
  3085 | D:4      | Killed a centaur
  3086 | D:4      | Reached XP level 6. HP: 34/57 MP: 5/5
  3614 | D:4      | Found a runed translucent gate.
  3766 | D:4      | Found a runed translucent gate.
  3766 | D:4      | Found a runed translucent gate.
  3767 | D:4      | Noticed jiml777's ghost (amateur GrEE)
  3917 | D:4      | Reached XP level 7. HP: 64/64 MP: 6/6
  4275 | D:5      | Entered Level 5 of the Dungeon
  4654 | D:5      | Noticed a hornet
  4661 | D:5      | Killed a hornet
  5000 | D:5      | Reached skill level 5 in Armour
  5442 | D:5      | Found a staircase to the Ecumenical Temple.
  5448 | D:5      | Reached XP level 8. HP: 73/73 MP: 7/7
  5454 | Temple   | Entered the Ecumenical Temple
  6283 | D:6      | Reached skill level 5 in Dodging
  6422 | D:6      | Found a runed translucent door.
  6425 | D:6      | Noticed styxcanada's ghost (novice SpBr)
  6511 | D:6      | Noticed a gargoyle
  6521 | D:6      | Killed a gargoyle
  6539 | D:6      | Reached *** piety under Trog
  6760 | D:6      | Found a sand-covered staircase.
  6765 | Ossuary  | Entered an ossuary
  6996 | Ossuary  | Noticed a flying skull
  7018 | Ossuary  | Noticed a flying skull
  7050 | Ossuary  | Reached XP level 9. HP: 74/83 MP: 8/8
  8160 | D:4      | Killed jiml777's ghost
  8850 | D:7      | Reached skill level 10 in Fighting
  8850 | D:7      | Reached skill level 10 in Axes
  9339 | D:7      | Reached **** piety under Trog
  9911 | D:8      | Noticed Maggie
  9924 | D:8      | Killed Maggie
  9925 | D:8      | Reached XP level 10. HP: 50/94 MP: 9/9
 10246 | D:8      | Found Qayci's Jewellery Shoppe.
 10430 | D:8      | Found a sacrificial altar of Ru.
 10674 | D:9      | Noticed Maurice
 10769 | D:6      | Killed styxcanada's ghost
 11624 | D:8      | Killed Maurice
 11802 | D:9      | HP: 2/97 [yak (13)]
 11810 | D:9      | Noticed a gargoyle
 11816 | D:9      | HP: 2/97 [gargoyle/+0 mace (4)]
 11820 | D:9      | Killed a gargoyle
 12547 | D:9      | Noticed Pikel
 12548 | D:9      | Identified the +1 leather armour of Conscience {rN+ rCorr}
 12568 | D:9      | Killed Pikel
 12702 | D:9      | Reached XP level 11. HP: 82/104 MP: 10/10
 12920 | D:10     | Entered Level 10 of the Dungeon
 13195 | D:10     | Found a runed translucent door.
 13196 | D:10     | Noticed Zeld's ghost (journeyman MiBe)
 13196 | D:10     | Noticed a centaur warrior
 13239 | D:10     | Killed Zeld's ghost
 13248 | D:10     | Killed a centaur warrior
 13537 | D:10     | Reached ***** piety under Trog
 13664 | D:10     | Noticed Josephine
 13949 | D:10     | Found a staircase to the Orcish Mines.
 14094 | D:10     | Killed Josephine
 14272 | D:10     | Found a staircase to the Lair.
 15170 | D:11     | Identified the amulet "Miz Jia" {Reflect Will+ Dex+3 SH+5}
 15502 | D:11     | Noticed a two-headed ogre
 15510 | D:11     | Killed a two-headed ogre
 16164 | D:11     | Reached skill level 10 in Armour
 16300 | D:12     | Received a gift from Trog
 16432 | D:12     | Noticed a purple ugly thing
 16443 | D:12     | Killed a purple ugly thing
 16444 | D:12     | Reached XP level 12. HP: 63/116 MP: 11/11
 17288 | D:12     | You fall into a shaft and drop 1 floor!
 17317 | D:13     | Found Xahir's Magic Scroll Shoppe.
 17324 | D:13     | Bought a scroll of enchant weapon for 120 gold pieces
 17324 | D:13     | Bought a scroll of teleportation for 48 gold pieces
 17324 | D:13     | Bought a scroll of identify for 32 gold pieces
 17324 | D:13     | Bought a scroll of teleportation for 48 gold pieces
 17324 | D:13     | Bought a scroll of identify for 32 gold pieces
 17324 | D:13     | Bought a scroll of identify for 32 gold pieces
 17335 | D:13     | Noticed Jorgrun
 17345 | D:13     | Killed from afar by Jorgrun

Illustrated notes

Levels and vault maps discovered:
D:1:      dpeg_arrival_round_b, layout_rooms, chequers_ecumenical_altar_simple
D:2:      layout_basic
D:3:      layout_basic, grunt_decor_cap
D:4:      layout_gridville, gammafunk_ghost_necromancy, chequers_mini_garden,
          minmay_misc_feat_more_columns, minmay_statues_item
D:5:      layout_loops_ring, temple_statues, minmay_fountain_box,
          serial_bayou_crossing
D:6:      layout_cave_pods, enter_ossuary_2, ebering_ghost_sewer_d
D:7:      layout_basic
D:8:      layout_rooms, mainiacjoe_overflow_six_doors_small, serial_shops, shop,
          fountainhead, dk_noncrumbling_3, uniq_maggie
D:9:      layout_roguey, kennysheep_opposing_triangles, uniq_pikel, uniq_maurice
D:10:     layout_irregular_city, grunt_lair_entry_orc_guard_hut,
          ebering_ghost_inner_flame, kennysheep_nondescript, uniq_josephine
D:11:     layout_irregular_city
D:12:     layout_roguey, nicolae_trove_entry_crystal
D:13:     layout_stronghold, gauntlet_entry_generic, serial_shops, shop,
          minivault_25_ag, elyvilon_altar_5, uniq_jorgrun
Temple:   roderic_octagonal_lattice_temple

Skill      XL: |  1  2  3  4  5  6  7  8  9 10 11 12 |
---------------+-------------------------------------+-----
Fighting       | 4 5 6 7 9 10 12 13 14 | 14.4
Axes           | 4 5 6 7 9 10 12 14 | 14.4
Armour         | 3 4 5 6 7 8 10 | 10.3
Dodging        | 3 4 5 6 7 9 |  9.4

Action                   |  1- 3 |  4- 6 |  7- 9 | 10-12 || total
-------------------------+-------+-------+-------+-------++-------
Melee: Hand axe          |    80 |    27 |       |       ||   107
       Headbutt          |    11 |    18 |    56 |   105 ||   190
       War axe           |       |    79 |   277 |   404 ||   760
       Punch             |       |     1 |     3 |       ||     4
       Broad axe         |       |       |       |    70 ||    70
Invok: Berserk           |       |     1 |     4 |     6 ||    11
       Trog's Hand       |       |     1 |       |     1 ||     2
       Brothers in Arms  |       |       |       |     1 ||     1
  Use: Scroll            |       |       |       |     2 ||     2
Armor: Animal skin       |    11 |    29 |    30 |       ||    70
       Plate armour      |       |       |   130 |   319 ||   449
Dodge: Dodged            |    50 |    83 |   116 |   158 ||   407
Block: Kite shield       |       |       |    41 |   182 ||   223
       Reflection        |       |       |       |     3 ||     3
